AoeStats
← eloycorsob

Arena

509622169Analyzed
3v3 RM · 6d ago on Sep 27, 2026· 58m 42s· 6 players
Game mode
Random Map
Map size
Normal (6 player)
Population
200
Speed
Normal
Resources
Standard
Victory
Conquest
Starting age
Dark Age
Ending age
Imperial Age
RankedLock teamsTeams togetherTeam positionsShared explorationLock speedFull tech treeHidden civsTurbo modeCheats
Victory
Defeat
🇦🇺 Franks · Australia
622
+16
🇦🇺 Franks · Australia
622
+16
🇦🇺 Turks · Australia
622
+16
🇮🇹 Romans · Italy
681
-18
🇪🇸 Maya · Spain
620
-16
🇧🇷 Khmer · Brazil
578
-14
lKurdSta
10:04 Feudal Age
10:44 Double-Bit Axe
17:15 Castle Age
18:47 Bow Saw
23:11 Wheelbarrow
23:41 Loom
27:00 Padded Archer Armor
26:50 Fletching
27:38 Town Watch
28:54 Ordonnance Companies
30:48 Leather Archer Armor
30:29 Bodkin Arrow
31:01 Pikeman
31:42 Squires
32:49 Scale Barding Armor
32:44 Scale Mail Armor
32:54 Forging
33:27 Husbandry
37:32 Imperial Age
35:23 Hand Cart
35:08 Town Patrol
37:25 Chain Barding Armor
37:20 Chain Mail Armor
37:41 Iron Casting
38:25 Cavalier
38:38 Capped Ram
41:27 Blast Furnace
40:57 Plate Mail Armor
41:03 Plate Barding Armor
41:40 Town Patrol
43:47 Gold Mining
43:47 Stone Mining
45:51 Chemistry
45:12 Ballistics
44:58 Siege Engineers
44:30 Halberdier
47:01 Caravan
48:01 Paladin
51:18 Conscription
53:33 Elite Throwing Axeman
AdxmRynar
6:21 Loom
9:33 Feudal Age
10:53 Wheelbarrow
10:54 Double-Bit Axe
21:15 Man-at-Arms
21:54 Arson
24:54 Castle Age
24:25 Scale Mail Armor
24:31 Scale Barding Armor
25:35 Forging
27:37 Long Swordsman
28:02 Gambesons
29:27 Hand Cart
29:21 Pikeman
30:02 Squires
35:18 Gold Mining
35:18 Stone Mining
35:22 Long Swordsman
37:23 Gambesons
39:54 Chain Mail Armor
39:59 Chain Barding Armor
42:55 Imperial Age
44:37 Iron Casting
44:33 Plate Mail Armor
44:38 Plate Barding Armor
43:30 Two-Handed Swordsman
44:22 Champion
47:51 Blast Furnace
48:36 Gold Shaft Mining
48:14 Bow Saw
55:13 Halberdier
The Fiddler
9:24 Feudal Age
8:48 Loom
20:44 Castle Age
19:25 Double-Bit Axe
22:39 Gold Mining
25:33 Bow Saw
33:31 Imperial Age
33:38 Wheelbarrow
32:46 Horse Collar
32:59 Stone Mining
33:45 Gold Shaft Mining
37:03 Two-Man Saw
41:45 Caravan
42:15 Coinage
41:55 Guilds
46:24 Masonry
46:10 Murder Holes
46:26 Fortified Wall
brunoaraujo
0:38 Loom
12:16 Feudal Age
13:33 Wheelbarrow
12:47 Double-Bit Axe
12:44 Horse Collar
12:57 Town Watch
17:59 Gold Mining
21:27 Bloodlines
23:34 Castle Age
22:09 Scale Barding Armor
22:12 Stone Mining
23:13 Forging
24:54 Hand Cart
24:53 Bow Saw
24:45 Heavy Plow
25:05 Husbandry
27:04 Chain Barding Armor
29:42 Stone Shaft Mining
30:59 Iron Casting
34:32 Gold Shaft Mining
36:14 Sanctity
40:12 Imperial Age
39:32 Fervor
39:45 Town Patrol
42:26 Plate Barding Armor
45:18 Crop Rotation
45:52 Blast Furnace
44:15 Cavalier
46:02 Caravan
46:43 Conscription
46:59 Hoardings
49:23 Elite Ballista Elephant
50:06 Double Crossbow
50:06 Tusk Swords
54:47 Light Cavalry
eloycorsob
1:01 Loom
1:11 Loom
12:50 Feudal Age
15:28 Wheelbarrow
15:14 Double-Bit Axe
19:15 Castle Age
17:41 Horse Collar
19:03 Wheelbarrow
19:11 Gold Mining
19:21 Stone Mining
21:14 Bow Saw
22:50 Stone Shaft Mining
23:02 Heavy Plow
24:59 Pikeman
26:38 Crossbowman
31:39 Thumb Ring
31:44 Caravan
33:00 Forging
32:50 Scale Mail Armor
32:41 Fletching
32:51 Padded Archer Armor
33:19 Ballistics
33:11 Masonry
33:57 Squires
33:42 Arson
35:17 Hand Cart
35:12 Treadmill Crane
36:10 Iron Casting
35:06 Elite Skirmisher
38:09 Hul'che Javelineers
41:43 Imperial Age
41:26 Eagle Warrior
42:43 Halberdier
45:02 Elite Eagle Warrior
46:11 Padded Archer Armor
46:34 Bodkin Arrow
47:22 Man-at-Arms
49:07 Arbalester
49:34 Capped Ram
51:27 Siege Ram
53:39 Chemistry
56:13 Holcans
57:08 Elite Plumed Archer
58:13 Conscription
xdoppiadx
9:53 Feudal Age
9:15 Loom
10:23 Double-Bit Axe
17:08 Castle Age
15:40 Horse Collar
18:00 Bow Saw
18:08 Heavy Plow
20:12 Wheelbarrow
20:06 Caravan
22:58 Stone Mining
27:03 Hand Cart
33:52 Imperial Age
31:08 Town Watch
32:18 Coinage
32:58 Forging
32:48 Scale Mail Armor
32:53 Scale Barding Armor
32:39 Fletching
32:49 Padded Archer Armor
32:39 Fletching
32:49 Scale Mail Armor
32:54 Scale Barding Armor
33:03 Fortified Wall
33:14 Ballistics
32:45 Guard Tower
32:50 Murder Holes
33:06 Masonry
33:02 Man-at-Arms
36:41 Chemistry
37:00 Crop Rotation
37:05 Banking
36:46 Guilds
36:36 Long Swordsman
38:13 Husbandry
38:23 Gold Mining
38:12 Cavalier
39:36 Ballistas
39:32 Elite Skirmisher
41:45 Legionary
43:17 Chain Barding Armor
43:32 Iron Casting
42:52 Bodkin Arrow
43:12 Chain Mail Armor
43:17 Chain Barding Armor
42:52 Bodkin Arrow
43:12 Chain Mail Armor
43:13 Leather Archer Armor
43:10 Siege Engineers
43:41 Keep
43:18 Masonry
44:06 Comitatenses
44:06 Conscription
44:42 Plate Barding Armor
44:37 Ring Archer Armor
44:42 Plate Barding Armor
44:38 Ring Archer Armor
44:43 Plate Barding Armor
46:32 Blast Furnace
46:02 Ring Archer Armor
46:03 Town Patrol
48:32 Onager
48:33 Heavy Scorpion
49:23 Capped Ram
51:40 Architecture
51:00 Siege Ram
52:22 Elite Centurion
53:53 Pikeman
54:33 Squires
55:12 Halberdier
Connection lost

Rejoining the realm…

Still unreachable

The connection could not be restored.

Session expired

The server has moved on; the page needs a fresh start.